 Dungeon Crawl Stone Soup version 0.21-a0-43-g1479571 (webtiles) character file.

1540 Duffy the Summoner (level 8, 43/43 HPs)
             Began as a Deep Elf Summoner on June 7, 2017.
             Quit the game on level 8 of the Dungeon.
             The game lasted 00:16:18 (9531 turns).

Duffy the Summoner (Deep Elf Summoner)              Turns: 9531, Time: 00:16:19

Health: 43/43      AC:  4    Str:  5    XL:     8   Next: 56%
Magic:  18/21      EV: 19    Int: 23    God:
Gold:   173        SH:  5    Dex: 20    Spells: 6/22 levels left

rFire    . . .     SeeInvis .   w - +0 spear
rCold    . . .     Gourm    .   s - +0 buckler
rNeg     . . .     Faith    .   a - +0 robe
rPois    .         Spirit   .   (no helmet)
rElec    .         Reflect  .   j - +1 cloak
rCorr    .         Harm     .   (no gloves)
MR       .....                  (no boots)
Stlth    ++........             r - amulet of magic regeneration
Regen    0.2/turn               d - +5 ring of dexterity
MPRegen  0.3/turn               H - +6 ring of evasion

@: no status effects
A: no striking features
a: no special abilities


You were on level 8 of the Dungeon.
You were hungry.

You visited 2 branches of the dungeon, and saw 9 of its levels.

You collected 290 gold pieces.
You spent 117 gold pieces at shops.

Inventory:

Hand Weapons
 w - a +0 spear (weapon)
Armour
 a - a +0 robe (worn)
 j - a +1 cloak (worn)
 s - a +0 buckler (worn)
Jewellery
 d - a +5 ring of dexterity (left hand)
 r - an amulet of magic regeneration (around neck)
 v - a +6 amulet of reflection {unknown}
 E - a cursed amulet of inaccuracy {unknown}
 F - an uncursed amulet of harm {unknown}
 H - a +6 ring of evasion (right hand)
Wands
 p - a wand of acid (12/15)
 B - a wand of digging (4/24)
Scrolls
 k - 3 scrolls of enchant armour
 q - a scroll of teleportation {unknown}
 t - a scroll of blinking
 u - 3 scrolls of amnesia
 x - 2 scrolls of remove curse
 y - a scroll of recharging
 A - a scroll of enchant weapon {unknown}
 K - a scroll of immolation {unknown}
 M - a scroll of fear {unknown}
Potions
 e - a potion of cancellation {unknown}
 g - a potion of invisibility {unknown}
 h - 2 potions of lignification {unknown}
 l - 2 potions of flight
 m - 2 potions of heal wounds
 n - 3 potions of mutation {unknown}
 o - 2 potions of brilliance
 z - a potion of berserk rage {unknown}
 D - a potion of might
 G - a potion of agility {unknown}
 I - a potion of magic {unknown}
 L - a potion of curing
Books
 b - a book of Callings

   Spells                             Type                      Level
   a - Summon Small Mammal            Summoning                    1
   b - Call Imp                       Summoning                    2
   c - Call Canine Familiar           Summoning                    3
   d - Summon Guardian Golem          Hexes/Summoning              3
   e - Summon Lightning Spire         Summoning/Air                4
   f - Summon Ice Beast               Ice/Summoning                4
Comestibles
 c - 6 bread rations
 f - 2 meat rations
 i - 2 royal jellies
 C - 18 fruits


   Skills:
 + Level 1.1 Fighting
 - Level 2.4 Dodging
 - Level 2.4 Stealth
 + Level 1.1 Shields
 - Level 7.9 Spellcasting
 - Level 9.0 Summonings
 - Level 3.5 Ice Magic
 - Level 3.5 Air Magic


You had 6 spell levels left.
You knew the following spells:

 Your Spells              Type           Power        Failure   Level  Hunger
g - Summon Guardian Gole  Hex/Summ       ####....     4%          3    None
h - Call Imp              Summ           ######..     1%          2    None
j - Call Canine Familiar  Summ           ######..     1%          3    None
k - Summon Ice Beast      Ice/Summ       #####...     8%          4    ###....
l - Summon Lightning Spi  Summ/Air       #####...     8%          4    ###....


Dungeon Overview and Level Annotations

Branches:
Dungeon (8/15)             Temple (1/1) D:5
   Lair: D:8-11

Altars:
Cheibriados
Dithmenos
Elyvilon
Fedhas
Gozag
Kikubaaqudgha
Makhleb
Nemelex Xobeh
Okawaru
Qazlal
Ru
Trog
Uskayaw
Vehumet
Wu Jian
Xom
Yredelemnul
Zin
The Shining One
Lugonu

Shops:
D:4 *   D:6 !

Annotations:
D:7 2 transporters


Message History

Partly explored, unvisited transporter.
Partly explored, unvisited transporter.
(D) Dungeon (T) Temple
Where to? (Enter - D:7, ? - help)
There is an open door here.
You open the door.
There is an open door here.
You are feeling hungry.
(D) Dungeon (T) Temple
Where to? (Enter - D:8, ? - help)
There is a stone staircase leading down here.
You climb downwards.
A howler monkey skeleton comes into view.
Found a stone staircase leading down.
There is a stone staircase leading up here.
Casting: Summon Ice Beast
Confirm with . or Enter, or press ? or * to list all spells.
Quiver which item? (- for none, * to show all) (? for menu, Esc to quit)
Okay, then.
Are you sure you want to abandon this character and quit the game? (Confirm with "yes".)

############
.......>...#
.Z.........#
...........#
.......@<..#
#.....h....#
#...##....##
... ###### .


You could see a howler monkey skeleton (dormant) and a friendly wolf.

Vanquished Creatures (collateral kills)
  A hippogriff (D:7)
  A slime creature (D:6)
  2 ice beasts
  An orc warrior (D:6)
  2 phantoms
  A black bear (D:7)
  An ogre (D:7)
  3 centaurs
  A bullfrog (D:6)
  2 scorpions
  A howler monkey (D:4)
  2 crimson imps (D:7)
  4 hounds
  A quasit (D:7)
  8 jellies (D:6)
  2 centaur skeletons
  10 orc priests
  6 orc wizards
  A bullfrog skeleton (D:6)
  2 iguanas
  Natasha (thrice) (D:2)
  A worker ant (D:4)
  2 hound skeletons
  3 gnolls (D:3)
  13 adders
  2 shadow imps (D:5)
  14 oozes
  An adder zombie (D:6)
  4 worms
  3 dart slugs (D:2)
  6 leopard geckos
  36 orcs
  2 ball pythons
  6 giant cockroaches
  7 goblins
  12 hobgoblins
  6 jackals
  4 kobolds (D:2)
  5 quokkas
  7 bats
  8 frilled lizards
  A quokka zombie (D:5)
  5 rats
203 creatures vanquished.

Vanquished Creatures (others)
  2 fungi (D:6)
2 creatures vanquished.

Grand Total: 205 creatures vanquished

Notes
Turn   | Place    | Note
-------+----------+-------------------------------------------
     0 | D:1      | Duffy the Deep Elf Summoner began the quest for the Orb.
     0 | D:1      | Reached XP level 1. HP: 10/10 MP: 6/6
   644 | D:1      | Reached XP level 2. HP: 6/15 MP: 4/8
   650 | D:1      | Learned a level 2 spell: Call Imp
  1118 | D:2      | Reached skill level 5 in Summonings
  1338 | D:3      | Reached XP level 3. HP: 19/19 MP: 1/10
  1464 | D:3      | Learned a level 3 spell: Call Canine Familiar
  1471 | D:3      | Learned a level 3 spell: Summon Guardian Golem
  1646 | D:3      | Found a shadowy altar of Dithmenos.
  1749 | D:3      | Found a white marble altar of Elyvilon.
  1749 | D:3      | Found a glowing silver altar of Zin.
  1749 | D:3      | Found a glowing golden altar of the Shining One.
  1873 | D:3      | Reached XP level 4. HP: 24/24 MP: 8/12
  2639 | D:2      | Reached skill level 6 in Summonings
  2789 | D:2      | Reached XP level 5. HP: 28/28 MP: 9/14
  2800 | D:2      | Learned a level 4 spell: Summon Ice Beast
  3426 | D:2      | Noticed Natasha
  3434 | D:2      | Killed Natasha
  3456 | D:2      | Noticed Natasha
  3461 | D:2      | Killed Natasha
  3461 | D:2      | Reached skill level 5 in Spellcasting
  4231 | D:3      | Found a faded altar of an unknown god.
  4382 | D:2      | Noticed Natasha
  4387 | D:2      | Killed Natasha
  4599 | D:4      | Found Ygiafiwk's Assorted Antiques.
  4610 | D:4      | Bought 2 metallic purple potions for 39 gold pieces
  4610 | D:4      | Bought a scroll labeled YGOESU IMUTA for 22 gold pieces
  4895 | D:4      | Reached skill level 7 in Summonings
  4895 | D:4      | Reached XP level 6. HP: 31/32 MP: 3/16
  5038 | D:4      | Learned a level 4 spell: Summon Lightning Spire
  5425 | D:4      | Found a hide-covered altar of Uskayaw.
  5925 | D:5      | Entered Level 5 of the Dungeon
  5934 | D:5      | Found a basalt altar of Yredelemnul.
  6063 | D:5      | Found an ornate altar of the Wu Jian Council.
  6069 | D:5      | Found a sparkling altar of Nemelex Xobeh.
  6069 | D:5      | Found a shimmering altar of Xom.
  6069 | D:5      | Found a snail-covered altar of Cheibriados.
  6078 | D:5      | Found an opulent altar of Gozag.
  6082 | D:5      | Found an iron altar of Okawaru.
  6337 | D:5      | Reached XP level 7. HP: 36/36 MP: 15/18
  6460 | D:5      | Found a staircase to the Ecumenical Temple.
  6470 | Temple   | Entered the Ecumenical Temple
  6583 | D:5      | Reached skill level 8 in Summonings
  6747 | D:5      | Reached skill level 1 in Air Magic
  7199 | D:6      | Found Ysaareigh's Distillery.
  7218 | D:6      | Bought a potion of curing for 42 gold pieces
  7218 | D:6      | Bought a potion of degeneration for 14 gold pieces
  7298 | D:6      | Reached skill level 1 in Ice Magic
  8261 | D:6      | Noticed a slime creature
  8268 | D:6      | Reached XP level 8. HP: 41/41 MP: 10/19
  8285 | D:6      | Killed a slime creature
  8463 | D:7      | Noticed a hippogriff
  8468 | D:7      | Killed a hippogriff
  8885 | D:7      | Reached skill level 9 in Summonings
  8906 | D:7      | Found a bloodstained altar of Trog.
  8910 | D:7      | Noticed a manticore
  8910 | D:7      | Found a transporter.
  8975 | D:7      | Found a transporter.
  9042 | D:7      | Noticed a troll
  9247 | D:7      | Reached skill level 1 in Fighting
  9247 | D:7      | Reached skill level 1 in Shields
  9531 | D:8      | Quit the game

Vault maps used:
D:1:      minmay_arrival_diagonal_passages
D:2:      cheibrodos_pilgrimage, uniq_natasha
D:3:      good_gods_mini_temple, nicolae_dithmenos_shadow_blocks,
          chequers_ecumenical_altar_lobes
D:4:      lemuel_coloured_pillars_altar, first_bread, serial_shops,
          nicolae_shop_temple_entry_statues_fountains
D:5:      minmay_overflow_temple_hex, yredelemnul_altar_generic,
          minmay_temple_entry_hall
D:6:      lemuel_slime, serial_shops, shop
D:7:      gammafunk_temple_overflow_arena
D:8:      serial_shops, nicolae_shop_window_shopping, david_nohive_1,
          nemelex_lonely_heart_becter
Temple:   corrupted_temple

Skill      XL: |  1  2  3  4  5  6  7  8 |
---------------+-------------------------+-----
Summonings     | 5 6 7 8 9 |  9.0
Spellcasting   | 4 5 6 7 |  7.9
Air Magic      | 3 |  3.5
Ice Magic      | 3 |  3.5
Fighting       | 1 |  1.1
Shields        | 1 |  1.1
Dodging        | |  2.4
Stealth        | |  2.4

Action                   |  1- 3 |  4- 6 |  7- 9 || total
-------------------------+-------+-------+-------++-------
 Cast: Summon Small Mamm |    45 |     1 |       ||    46
       Call Imp          |    27 |    24 |       ||    51
       Call Canine Famil |     2 |    43 |    40 ||    85
       Summon Ice Beast  |       |    22 |    14 ||    36
       Summon Lightning  |       |       |     4 ||     4
  Use: Scroll            |       |     7 |     2 ||     9
  Eat: Chunk             |     4 |    19 |    11 ||    34
Armor: Robe              |     4 |    11 |     2 ||    17
Dodge: Dodged            |    19 |    49 |    30 ||    98
